 Dungeon Crawl Stone Soup version 0.20.1-1-g8b1a95d (webtiles) character file.

1341 Knicklaso the Ruffian (level 8, 0/63 HPs)
             Began as a Red Draconian Transmuter on July 30, 2017.
             Was an Initiate of Ashenzari.
             Slain by Duvessa
             ... wielding a +0 rapier of venom
              (13 damage)
             ... on level 5 of the Dungeon.
             The game lasted 00:22:18 (6226 turns).

Knicklaso the Ruffian (Red Draconian Transmuter)    Turns: 6226, Time: 00:22:20

Health: 0/63       AC:  8    Str: 13    XL:     8   Next: 35%
Magic:  10/14      EV: 13    Int: 16    God:    Ashenzari [......]
Gold:   219        SH:  0    Dex: 11    Spells: 3/16 levels left

rFire    + + .     SeeInvis .     - Unarmed
rCold    x . .     Gourm    +   (no shield)
rNeg     . . .     Faith    .   (armour unavailable)
rPois    .         Spirit   .   (helmet restricted)
rElec    .         Reflect  .   (no cloak)
rCorr    .         Harm     .   (no gloves)
MR       .....                  d - +1 pair of boots
Stlth    +.........             s - amulet of the gourmand (curse)
Regen    0.2/turn               j - ring of fire
MPRegen  0.2/turn               (no ring)

@: lethally poisoned (0 -> -22), appendage, very slightly contaminated
A: breathe fire, unfitting armour, horns 2, fire resistance 1, cold-blooded, AC
+6
a: Breathe Fire, End Transformation, Curse Item, Renounce Religion


You were on level 5 of the Dungeon.
You worshipped Ashenzari.
Ashenzari was noncommittal.
You were completely stuffed.
You had grown temporary horns.
You visited 2 branches of the dungeon, and saw 6 of its levels.

You collected 219 gold pieces.

Inventory:

Missiles
 a - 58 arrows
Armour
 d - a +1 pair of boots (worn)
Jewellery
 j - a ring of fire (left hand)
 s - a cursed amulet of the gourmand (around neck)
Wands
 u - a wand of random effects (9/48)
Scrolls
 h - 4 scrolls of identify
 k - a scroll of recharging {unknown}
 q - 2 scrolls of teleportation {unknown}
 r - a scroll of magic mapping {unknown}
Potions
 e - 2 potions of heal wounds {unknown}
 g - a potion of resistance {unknown}
 m - 2 potions of degeneration {unknown}
 n - 3 potions of haste {unknown}
 o - a potion of might {unknown}
 p - a potion of cancellation {unknown}
 t - 4 potions of brilliance
 v - a potion of flight {unknown}
 w - a potion of magic {unknown}
 z - a potion of curing {unknown}
 A - 2 potions of lignification {unknown}
Books
 b - a book of Changes

   Spells                             Type                      Level
   a - Beastly Appendage              Transmutation                1
   b - Sticks to Snakes               Transmutation                2
   c - Spider Form                    Transmutation/Poison         3
   d - Ice Form                       Ice/Transmutation            4
   e - Blade Hands                    Transmutation                5
 x - a book of Minor Magic

   Spells                             Type                      Level
   a - Magic Dart                     Conjuration                  1
   b - Blink                          Translocation                2
   c - Call Imp                       Summoning                    2
   d - Slow                           Hexes                        2
   e - Conjure Flame                  Conjuration/Fire             3
   f - Mephitic Cloud                 Conjuration/Poison/Air       3
Comestibles
 c - 4 bread rations
 f - 12 fruits
 i - 3 meat rations
 l - 3 royal jellies


   Skills:
 + Level 3.0 Fighting
 + Level 2.9 Dodging
 * Level 7.5 Unarmed Combat
 + Level 4.6 Spellcasting
 + Level 4.8 Transmutations


You had 3 spell levels left.
You knew the following spells:

 Your Spells              Type           Power        Failure   Level  Hunger
a - Beastly Appendage     Tmut           ###...       2%          1    None
b - Spider Form           Tmut/Pois      ##........   17%         3    ###....
c - Blade Hands           Tmut           ###.......   52%         5    ######.
d - Ice Form              Ice/Tmut       ##......     50%         4    ####...


Dungeon Overview and Level Annotations

Branches:
Dungeon (5/15)             Temple (1/1) D:4

Altars:
Ashenzari
Cheibriados
Elyvilon
Fedhas
Gozag
Hepliaklqana
Kikubaaqudgha
Ru
Sif Muna
Uskayaw
Vehumet
Xom
Yredelemnul
Zin
The Shining One

Shops:
D:5 %*

Annotations:
D:5 Duvessa, Menkaure


Innate Abilities, Weirdness & Mutations

You can breathe blasts of fire.
Your fiery red scales are hard. (AC +6)
You cannot fit into any form of body armour.
Your flesh is heat resistant. (rF+)
You are cold-blooded and may be slowed by cold attacks.
You have a pair of horns on your head.


Message History

Duvessa hits you with a rapier of venom!!
Duvessa rages.
Casting: Spider Form
Confirm with . or Enter, or press ? or * to list all spells.
You grow a pair of large bovine horns.
Menkaure hits you!
Duvessa hits you with a rapier of venom!
You are poisoned.
You barely miss Menkaure. You tail-slap Menkaure.
Menkaure is lightly damaged.
You feel sick. Menkaure misses you.
Duvessa hits you with a rapier of venom.
* * * LOW HITPOINT WARNING * * *
You are lethally poisoned!
As you read the scroll labeled CEGEEW CAZA, it crumbles to dust.
It is a scroll of identify.
t - 4 potions of brilliance
* * * LOW HITPOINT WARNING * * *
You feel sick. Menkaure barely misses you.
Duvessa hits you with a rapier of venom!
You die...

.#..(.#.##.....##...#
##......##.#....##.#.#
..........#.#...##.#.##
............##.........#
h...............#.........
.5.................###....
.##...##....##.....# #....
##..####.#<.# #....
#@.####.#..# #....
##Me...###### ####.
#...#### ## #...#
..e.........#
..###.#$.#### #....#
.....# ##.#..#


You could see Duvessa (berserk) and Menkaure.

Vanquished Creatures
  Grinder (D:5)
  An ice beast (D:5)
  2 ogres
  A centaur (D:3)
  A bullfrog (D:4)
  A gnoll sergeant (D:5)
  Dowan (D:5)
  A crimson imp (D:3)
  A jelly (D:1)
  A bullfrog zombie (D:5)
  A hound (D:5)
  Natasha (thrice) (D:3)
  2 orc wizards
  4 worker ants (D:4)
  Robin (D:3)
  6 adders
  10 gnolls
  4 worms
  2 dart slugs (D:3)
  4 leopard geckos
  17 orcs
  6 bats
  6 giant cockroaches
  13 hobgoblins
  5 jackals (D:1)
  2 quokkas
  2 ball pythons
  7 frilled lizards
  10 goblins
  A jackal skeleton (D:4)
  5 kobolds
  A leopard gecko skeleton (D:4)
  5 rats
128 creatures vanquished.

Notes
Turn   | Place    | Note
-------+----------+-------------------------------------------
     0 | D:1      | Knicklaso the Draconian Transmuter began the quest for the Orb.
     0 | D:1      | Reached XP level 1. HP: 16/16 MP: 3/3
    63 | D:1      | Reached XP level 2. HP: 13/23 MP: 5/5
   749 | D:1      | Reached XP level 3. HP: 18/28 MP: 6/6
   753 | D:1      | Reached skill level 4 in Unarmed Combat
  1262 | D:2      | Reached XP level 4. HP: 35/35 MP: 5/7
  2044 | D:3      | Noticed an ogre
  2071 | D:2      | Learned a level 3 spell: Spider Form
  2136 | D:3      | Noticed Natasha
  2145 | D:3      | Killed Natasha
  2145 | D:3      | Reached XP level 5. HP: 26/40 MP: 7/9
  2250 | D:3      | Noticed Natasha
  2275 | D:3      | Killed Natasha
  2372 | D:3      | Killed an ogre
  2372 | D:3      | Reached skill level 5 in Unarmed Combat
  2429 | D:3      | Noticed Natasha
  2447 | D:3      | Killed Natasha
  2447 | D:3      | Reached XP level 6. HP: 47/47 MP: 7/10
  3118 | D:3      | Reached skill level 6 in Unarmed Combat
  3140 | D:3      | Found a glowing silver altar of Zin.
  3342 | D:3      | Your scales start taking on a fiery red colour.
  3342 | D:3      | Reached XP level 7. HP: 42/52 MP: 9/12
  3342 | D:3      | Gained mutation: Your flesh is heat resistant. (rF+) [Red Draconian growth]
  3478 | D:3      | Noticed Robin
  3491 | D:3      | Killed Robin
  3751 | D:4      | Learned a level 5 spell: Blade Hands
  3756 | D:4      | Learned a level 4 spell: Ice Form
  3869 | D:4      | Found a staircase to the Ecumenical Temple.
  3882 | Temple   | Entered the Ecumenical Temple
  4028 | Temple   | Became a worshipper of Ashenzari the Shackled
  4654 | D:5      | Entered Level 5 of the Dungeon
  5287 | D:5      | Found Rech's Assorted Antiques.
  5317 | D:5      | Reached skill level 7 in Unarmed Combat
  5388 | D:5      | Found Lotev's Food Shoppe.
  5576 | D:5      | Noticed Grinder
  5622 | D:5      | Paralysed by Grinder for 5 turns
  5638 | D:5      | Paralysed by Grinder for 4 turns
  5643 | D:5      | Killed Grinder
  5643 | D:5      | Reached XP level 8. HP: 16/62 MP: 9/14
  6029 | D:5      | Noticed Dowan
  6062 | D:5      | Killed Dowan
  6215 | D:5      | Noticed Menkaure
  6218 | D:5      | Noticed Duvessa
  6226 | D:5      | Slain by Duvessa

Skill      XL: |  1  2  3  4  5  6  7  8 |
---------------+-------------------------+-----
Unarmed Combat | 4 5 6 7 |  7.5
Transmutations | 3 4 |  4.8
Spellcasting   | 3 4 |  4.6
Dodging        | 2 |  2.9
Fighting       | 2 3 |  3.0

Action                   |  1- 3 |  4- 6 |  7- 9 || total
-------------------------+-------+-------+-------++-------
Melee: Unarmed           |    75 |   194 |   174 ||   443
       Tailslap          |     4 |    11 |    13 ||    28
       Headbutt          |     2 |    17 |    13 ||    32
       Punch             |       |     6 |     3 ||     9
 Cast: Beastly Appendage |     2 |    22 |    18 ||    42
       Spider Form       |       |     7 |     8 ||    15
Invok: Curse Item        |       |       |     1 ||     1
 Abil: Breathe Fire      |       |       |     1 ||     1
  Use: Scroll            |       |       |     1 ||     1
 Stab: Sleeping          |       |       |     2 ||     2
  Eat: Chunk             |     1 |     8 |    20 ||    29
Armor: Skin              |    18 |    42 |    31 ||    91
Dodge: Dodged            |    44 |    97 |    88 ||   229
